 Dungeon Crawl Stone Soup version 0.20-a0-1006-ge6c5631 (webtiles) character file.

451 FastMan the Chopper (level 7, -3/52 HPs)
             Began as a Formicid Fighter on Apr 14, 2017.
             Slain by an ogre
             ... wielding a +0 giant club
              (25 damage)
             ... on level 5 of the Dungeon.
             The game lasted 00:02:44 (3241 turns).

FastMan the Chopper (Formicid Fighter)              Turns: 3241, Time: 00:02:44

Health: -3/52      AC: 11    Str: 20    XL:     7   Next: 25%
Magic:  7/7        EV:  7    Int:  8    God:
Gold:   115        SH: 11    Dex: 12    Spells: 6/6 levels left

rFire    . . .     SeeInvis +   a - +1 war axe
rCold    . . .     Gourm    .   c - +1 shield
rNeg     . . .     Faith    .   n - +0 plate armour
rPois    .         Spirit   .   (helmet unavailable)
rElec    .         Reflect  .   (no cloak)
rCorr    .         Harm     .   (no gloves)
MR       +....                  (no boots)
Stlth    ..........             (no amulet)
Regen    0.2/turn               o - +3 ring of evasion
MPRegen  0.1/turn               r - ring of protection from magic

@: lethally poisoned (-3 -> -14)
A: permanent stasis, dig shafts and tunnels, four strong arms, antennae 3
a: Dig, Shaft Self


You were on level 5 of the Dungeon.
You were not hungry.

You visited 1 branch of the dungeon, and saw 5 of its levels.

You collected 139 gold pieces.
You spent 24 gold pieces at shops.

Inventory:

Hand Weapons
 a - a +1 war axe (weapon)
Armour
 c - a +1 shield (worn)
 n - a +0 plate armour (worn)
Jewellery
 o - a +3 ring of evasion (left hand)
 r - a ring of protection from magic (right hand)
 t - an uncursed ring of fire
Scrolls
 b - 4 scrolls of remove curse {@r2}
 e - a scroll of magic mapping {unknown}
 l - a scroll of random uselessness {unknown}
 v - a scroll of enchant weapon
 x - a scroll of fog
Potions
 d - 2 potions of might {@q4}
 g - a potion of curing {@q1}
 h - a potion of resistance
 j - a potion of ambrosia
 k - 2 potions of lignification
 p - 2 potions of agility {unknown}
 s - a potion of heal wounds {unknown}
Comestibles
 f - 3 bread rations {@e1}
 i - 5 chunks of flesh
 m - a fruit {@e4}
 q - 2 royal jellies {@e3}


   Skills:
 - Level 3.2 Fighting
 * Level 6.3 Axes
 - Level 3.2 Armour
 + Level 5.7 Shields


You had 6 spell levels left.
You didn't know any spells.

Dungeon Overview and Level Annotations

Branches:
Dungeon (5/15)             Temple (0/1) D:5

Altars:
Ashenzari
Cheibriados
Makhleb
Qazlal
Sif Muna
Trog
Vehumet
Yredelemnul

Shops:
D:4 *


Innate Abilities, Weirdness & Mutations

You cannot be hasted, slowed, berserked, paralysed or teleported.
You can dig through walls and to a lower floor.
Your four strong arms can wield two-handed weapons with a shield.
You have a pair of large antennae on your head. (SInv)


Message History

You are too injured to fight recklessly!
You are too injured to fight recklessly!
You are too injured to fight recklessly!
You are too injured to fight recklessly!
You are too injured to fight recklessly!
You are too injured to fight recklessly!
You are too injured to fight recklessly!
You are too injured to fight recklessly!
You are too injured to fight recklessly!
You are too injured to fight recklessly!
You are too injured to fight recklessly!
You are too injured to fight recklessly!
You are too injured to fight recklessly!
You are too injured to fight recklessly!
You are too injured to fight recklessly!
Unknown command.
Unknown command.
You feel sick.
You feel sick. The ogre hits you with a giant club!!
You die...

{ ##. ### ###.. ..# ##..##
#########.# ##....##
#.......#.###......##
#.####..#.##........##
#.#..#.##.#........?.#
###.#..#........@o......#
..#.#..........OooY......
..#.#....................
..#.#...#'#..............
..#.#...+_+..............
........#'#...................#
..............................#
.......<......................#
.................................


You could see an ice beast, an ogre, an orc priest and 2 orcs.

Vanquished Creatures
  The ghost of Treemains the Conjurer, an amateur DECj (D:4)
  An ogre (D:4)
  An orc wizard (D:5)
  A worker ant (D:5)
  4 gnolls (D:4)
  3 adders
  An ooze (D:2)
  2 adder skeletons
  3 worms
  3 dart slugs
  A leopard gecko (D:2)
  8 orcs
  7 bats
  5 giant cockroaches
  6 hobgoblins
  4 jackals
  5 kobolds
  A quokka (D:3)
  2 ball pythons (D:1)
  4 frilled lizards (D:1)
  4 goblins
  5 rats
72 creatures vanquished.

Notes
Turn   | Place    | Note
-------+----------+-------------------------------------------
     0 | D:1      | FastMan the Formicid Fighter began the quest for the Orb.
     0 | D:1      | Reached XP level 1. HP: 18/18 MP: 1/1
   132 | D:1      | Reached XP level 2. HP: 24/24 MP: 2/2
   372 | D:1      | Reached XP level 3. HP: 29/29 MP: 3/3
   722 | D:1      | Reached skill level 3 in Axes
   838 | D:2      | Found a snail-covered altar of Cheibriados.
   874 | D:2      | Found a radiant altar of Vehumet.
   874 | D:2      | Found a deep blue altar of Sif Muna.
   875 | D:2      | Found a shattered altar of Ashenzari.
   937 | D:2      | Found a bloodstained altar of Trog.
  1071 | D:2      | Reached XP level 4. HP: 31/35 MP: 4/4
  1347 | D:3      | Reached skill level 4 in Axes
  1558 | D:4      | Found Zeba's General Store.
  1566 | D:4      | Bought a scroll of fog for 24 gold pieces
  1573 | D:4      | Noticed Treemains's ghost (amateur DECj)
  1582 | D:4      | Killed Treemains's ghost
  1582 | D:4      | Reached skill level 5 in Axes
  1582 | D:4      | Reached skill level 5 in Shields
  1582 | D:4      | Reached XP level 5. HP: 10/41 MP: 5/5
  1582 | D:4      | Reached XP level 6. HP: 11/47 MP: 6/6
  2071 | D:4      | Found a stormy altar of Qazlal.
  2427 | D:4      | Noticed an ogre
  2438 | D:4      | Killed an ogre
  2438 | D:4      | Reached XP level 7. HP: 6/52 MP: 7/7
  2785 | D:4      | Reached skill level 6 in Axes
  3047 | D:5      | Entered Level 5 of the Dungeon
  3076 | D:5      | Found a burning altar of Makhleb.
  3162 | D:5      | Found a basalt altar of Yredelemnul.
  3202 | D:5      | Found a staircase to the Ecumenical Temple.
  3241 | D:5      | Slain by an ogre

Vault maps used:
D:1:      grunt_arrival_lava_bath
D:2:      nicolae_overflow_crystal_walls,
          chequers_temple_overflow_statue_of_worship,
          lemuel_coloured_pillars_altar, bloody_trog, first_bread,
          minmay_misc_feat_secret_circle, hangedman_feature_mirror
D:3:      cheibrodos_pilgrimage
D:4:      kennysheep_mini, serial_shops, shop, minmay_misc_feat_five,
          minmay_cupped
D:5:      bloody_makhleb, kennysheep_mini_moat, lemuel_temple_firewalk_b,
          basic_altar, roderic_batcave, uniq_iyjb

Skill      XL: |  1  2  3  4  5  6  7 |
---------------+----------------------+-----
Shields        | 4 5 |  5.7
Axes           | 3 5 6 |  6.3
Fighting       | |  3.2
Armour         | |  3.2

Action                   |  1- 3 |  4- 6 |  7- 9 || total
-------------------------+-------+-------+-------++-------
Melee: War axe           |   102 |    98 |    50 ||   250
  Use: Potion            |       |     4 |       ||     4
       Scroll            |       |       |     8 ||     8
  Eat: Chunk             |     1 |     2 |       ||     3
       Meat ration       |       |     1 |       ||     1
Armor: Scale mail        |    20 |       |       ||    20
       Plate armour      |    27 |    48 |    20 ||    95
Dodge: Dodged            |    22 |    17 |    15 ||    54
Block: Shield            |    60 |    49 |    24 ||   133
